 Dungeon Crawl Stone Soup version 0.28-a0-1347-g113dc556a4 (webtiles) character file.

Game seed: 7612566123506245583

102 pokeman the Magician (level 4, -4/25 HPs)
             Began as a Deep Elf Hedge Wizard on Dec 29, 2021.
             Killed by nerve-wracking pain
             ... invoked by Jessica
              (14 damage)
             ... on level 2 of the Dungeon.
             The game lasted 00:04:12 (2197 turns).

pokeman the Magician (Deep Elf Hedge Wizard)        Turns: 2197, Time: 00:04:12

Health: -4/25      AC:  5    Str:  7    XL:     4   Next: 50%
Magic:  4/13       EV: 12    Int: 21    God:
Gold:   53         SH:  0    Dex: 14    Spells: 3/14 levels left

rFire   . . .      SeeInvis .   a - +2 dagger (venom)
rCold   . . .      Faith    .   (no shield)
rNeg    . . .      Spirit   .   b - +0 robe
rPois   .          Reflect  .   j - +2 helmet
rElec   .          Harm     .   (no cloak)
rCorr   .          Rampage  .   (no gloves)
Will    .....                   (no boots)
Stlth   ++........              (no amulet)
HPRegen 0.08/turn               (no ring)
MPRegen 0.13/turn               (no ring)

@: no status effects
A: no striking features
a: no special abilities


You were on level 2 of the Dungeon.
You visited 1 branch of the dungeon, and saw 2 of its levels.

You collected 53 gold pieces.

Inventory:

Hand Weapons
 a - a +2 dagger of venom (weapon)
Missiles
 e - 24 arrows
Armour
 b - a +0 robe (worn)
 j - a +2 helmet (worn)
Scrolls
 d - 2 scrolls of teleportation {unknown}
 h - a scroll of identify {unknown}
 i - 2 scrolls of fog {unknown}
Potions
 c - a potion of attraction {unknown}
 f - a potion of mutation {unknown}
 g - 2 potions of curing {unknown}
 k - a potion of flight {unknown}


   Skills:
 - Level 1.0 Fighting
 - Level 1.0 Armour
 + Level 2.8 Dodging
 - Level 2.4 Stealth
 * Level 5.7 Spellcasting
 + Level 2.2 Conjurations
 - Level 1.1 Summonings
 - Level 1.1 Translocations
 + Level 0.9 Fire Magic


You had 3 spell levels left.
You knew the following spells:

 Your Spells              Type           Power      Damage    Failure   Level
a - Magic Dart            Conj           60%        1d6       4%          1
b - Mephitic Cloud        Conj/Pois/Air  9%         N/A       22%         3
c - Call Imp              Summ           10%        N/A       10%         2
d - Blink                 Tloc           20%        N/A       10%         2
e - Conjure Flame         Conj/Fire      12%        6-21      16%         3

Your spell library contained the following spells:

 Spells                   Type           Power      Damage    Failure   Level
 Slow                     Hex            24%        N/A       10%         1


Dungeon Overview and Level Annotations

Branches:
Dungeon (2/15)

Altars:

Annotations:
D:2 Jessica


Message History

Jessica casts a spell at you. Pain shoots through your body!
The adder barely misses you.
Unknown command.
Jessica gestures at you while chanting. Pain shoots through your body!
Your white imp barely misses Jessica.
Jessica hits your white imp with a +0 club.
There is an open door here.
Casting: Call Imp (safe; 10% risk of failure)
Confirm with . or Enter, or press ? or * to list all spells.
You blink.
Found 26 arrows.
Your white imp closely misses Jessica.
The hobgoblin barely misses you. Jessica barely misses your white imp.
Found 9 gold pieces.
Something hits your white imp.
Your white imp gestures at the adder.
The puff of frost hits the adder!
The adder dies!
The ball python closely misses you. x2; Something hits your white imp.
The hobgoblin hits you. The ball python barely misses you. x2
Casting: Blink (safe; 10% risk of failure)
Confirm with . or Enter, or press ? or * to list all spells.
Aiming: Magic Dart (safe; 4% risk of failure)
Press: ? - help, Shift-Dir - straight line, f - ball python
Aim: a ball python (100% to hit)
The magic dart hits the ball python.
You kill the ball python!
Jessica gestures wildly while chanting.
Jessica blinks!
Casting: Magic Dart (safe; 4% risk of failure)
Confirm with . or Enter, or press ? or * to list all spells.
Aiming: Magic Dart (safe; 4% risk of failure)
Press: ? - help, Shift-Dir - straight line, f - hobgoblin
Aim: a hobgoblin (100% to hit)
The magic dart hits the hobgoblin.
You kill the hobgoblin!
You feel stable enough to blink again.
Your white imp hits Jessica.
Your white imp freezes Jessica.
Jessica gestures at you while chanting. Pain shoots through your body!
Ouch! That really hurt!
You die...

#........#. #........##
#........# #........#
#........# #........#
######........#
#########...@5§.......#+
#......@††.###..@.†.....
#........[.# ##+##......
#..........# #.........
#..........# ####......
#..........# #......
#..........# #......
#.......(..# #......
#...$......# #......
#######


You could see Jessica (fast, ally target) and a friendly white imp (summoned).

Vanquished Creatures
  Robin (D:2)
  A worm (D:2)
  4 dart slugs
  9 ball pythons
  5 endoplasms
  A giant cockroach (D:1)
  14 goblins
  6 hobgoblins
  13 kobolds
  2 quokkas
  3 bats
  3 frilled lizards (D:1)
  9 rats
71 creatures vanquished.

Vanquished Creatures (collateral kills)
  An adder (D:2)
1 creature vanquished.

Grand Total: 72 creatures vanquished

Notes
Turn   | Place    | Note
-------+----------+-------------------------------------------
     0 | D:1      | pokeman the Deep Elf Hedge Wizard began the quest for the
                  | Orb.
     0 | D:1      | Reached XP level 1. HP: 10/10 MP: 7/7
   201 | D:1      | Reached XP level 2. HP: 16/16 MP: 5/9
   757 | D:1      | Reached skill level 5 in Spellcasting
   971 | D:1      | Reached XP level 3. HP: 20/20 MP: 9/11
   975 | D:1      | Learned a level 3 spell: Mephitic Cloud
   978 | D:1      | Learned a level 2 spell: Call Imp
   981 | D:1      | Learned a level 2 spell: Blink
   985 | D:1      | Learned a level 3 spell: Conjure Flame
  1461 | D:2      | Reached skill level 1 in Fighting
  1461 | D:2      | Reached skill level 1 in Armour
  1705 | D:2      | Noticed Robin
  1721 | D:2      | Killed Robin
  1722 | D:2      | Reached XP level 4. HP: 14/25 MP: 6/13
  2180 | D:2      | Noticed Jessica
  2197 | D:2      | Killed from afar by Jessica

Illustrated notes

Levels and vault maps discovered:
D:1:      onia_arrival_pyramid, layout_loops_ring
D:2:      kennysheep_the_goblin_king, layout_basic, serial_shops, shop,
          nicolae_ecumenical_snake_handling, fountainhead, minmay_circle_x,
          uniq_jessica, uniq_natasha, uniq_robin

Skill      XL: |  1  2  3 |
---------------+----------+-----
Spellcasting   | 5 |  5.7
Fighting       | 1 |  1.0
Armour         | 1 |  1.0
Conjurations   | 2 |  2.2
Dodging        | |  2.8
Stealth        | |  2.4
Summonings     | |  1.1
Translocations | |  1.1
Fire Magic     | |  0.9

Action                   |  1- 3 |  4- 6 || total
-------------------------+-------+-------++-------
Melee: Quarterstaff      |     2 |       ||     2
       Dagger            |    12 |    21 ||    33
 Cast: Magic Dart        |    97 |    19 ||   116
       Mephitic Cloud    |     2 |       ||     2
       Blink             |       |     1 ||     1
       Call Imp          |       |     1 ||     1
 Stab: Sleeping          |     6 |       ||     6
       Confused          |     3 |       ||     3
Armor: Robe              |     2 |     6 ||     8
Dodge: Dodged            |    10 |    10 ||    20

Table legend: (Time is in decaauts)
 A = Elapsed time spent in this place.
 B = Non-inter-level travel time spent in this place.
 C = Inter-level travel time spent in this place.
 D = Time resting spent in this place.
 E = Time spent auto-exploring this place.
 F = Levels seen in this place.
 G = Mean time per level.
                   A        B        C        D        E       F      G
               +--------+--------+--------+--------+--------+-----+--------+
         Total |   2199 |   2190 |      9 |     88 |   1762 |   2 | 1099.5 |
       Dungeon |   2199 |   2190 |      9 |     88 |   1762 |   2 | 1099.5 |
               +--------+--------+--------+--------+--------+-----+--------+

Top non-repeatable levels by time:
     D:1: 1216 daAuts
     D:2: 982 daAuts
